 Dungeon Crawl Stone Soup version 0.16.1 (webtiles) character file.

4687 Fiveotanaka the Basher (level 10, -6/88 HPs)
             Began as an Ogre Hunter on Mar 24, 2015.
             Was an Initiate of Ru.
             Mangled by a cyan ugly thing (14 damage)
             ... on level 8 of the Dungeon.
             The game lasted 00:50:51 (14486 turns).

Fiveotanaka the Basher (Ogre Hunter)               Turns: 14486, Time: 00:50:51

Health: -6/88      AC:  5    Str: 22    XL:     10   Next: 44%
Magic:  10/10      EV: 12    Int: 10    God:    Ru [......]
Gold:   448        SH:  0    Dex: 13    Spells: 0 memorised, 9 levels left

rFire  . . .     SeeInvis .     a - +0 morningstar
rCold  . . .     Clarity  .     d - +0 animal skin
rNeg   . . .     SustAb   .     (shield restricted)
rPois  .         Gourm    .     (helmet restricted)
rElec  .         Spirit   .     E - +1 cloak
rCorr  .         Warding  .     (gloves unavailable)
rMut   .         Stasis   .     (boots unavailable)
MR     +....                    (no amulet)
Stlth  ++........               b - ring of stealth
                                F - +3 ring of strength

@: somewhat resistant to hostile enchantments, unstealthy
A: unfitting armour, tough skin 1
a: Renounce Religion


You were on level 8 of the Dungeon.
You worshipped Ru.
Ru was noncommittal.
You were not hungry.

You visited 2 branches of the dungeon, and saw 9 of its levels.

You collected 448 gold pieces.

Inventory:

Hand weapons
 a - a +0 morningstar (weapon)
 u - a +2 whip of venom
 B - a +0 giant spiked club
 K - a +1 mace of protection
Missiles
 c - 4 throwing nets
 f - 5 large rocks
 h - 167 stones
 H - 3 tomahawks of returning (quivered)
Armour
 d - a +0 animal skin (worn)
 E - a +1 cloak (worn)
Jewellery
 b - a ring of stealth (right hand)
 F - a +3 ring of strength (left hand)
Magical devices
 t - a wand of polymorph (6)
 x - a wand of cold (4)
 G - a wand of lightning (6)
Scrolls
 e - 2 scrolls of fog {unknown}
 g - 2 scrolls of recharging
 k - 4 scrolls of amnesia {unknown}
 n - 4 scrolls of remove curse
 p - 3 scrolls of identify
 q - a scroll of fear
 v - a scroll of blinking {unknown}
 y - 2 scrolls of teleportation
Potions
 j - 2 potions of lignification {unknown}
 l - 2 potions of curing
 o - 2 potions of restore abilities {unknown}
 r - 2 potions of agility {unknown}
 s - 4 potions of haste {unknown}
 w - 2 potions of resistance {unknown}
 C - a potion of degeneration {unknown}
 D - a potion of heal wounds {unknown}
 I - a potion of berserk rage {unknown}
Comestibles
 i - 8 bread rations
 m - a chunk of flesh
 z - 11 fruits
 A - 4 meat rations
 M - 7 slices of pizza


   Skills:
 - Level 2.6 Fighting
 * Level 14.2 Maces & Flails
 + Level 9.9 Throwing
 + Level 5.0 Dodging
 - Level 0.7 Stealth


You had 9 spell levels left.
You didn't know any spells.

Dungeon Overview and Level Annotations

Branches:
Dungeon (8/15)             Temple (1/1) D:7
   Lair: D:8-11

Altars:
Ashenzari
Cheibriados
Dithmenos
Elyvilon
Fedhas
Gozag
Kikubaaqudgha
Makhleb
Nemelex Xobeh
Okawaru
Qazlal
Ru
Sif Muna
Trog
Vehumet
Xom
Yredelemnul
Zin
The Shining One

Annotations:
D:5 Menkaure
D:6 Grinder


Innate Abilities, Weirdness & Mutations

You are too large for most types of armour.
You have tough skin (AC +1).


Message History

The cyan ugly thing trunk-slaps you. The cyan ugly thing shocks you!
* * * LOW HITPOINT WARNING * * *
Throwing (i - inventory. (,) - cycle):
H - 3 tomahawks of returning (quivered)
Press: ? - help, Shift-Dir - straight line, f - cyan ugly thing
Aim: a cyan ugly thing (moderately wounded)
You throw a tomahawk of returning.
The tomahawk of returning hits the cyan ugly thing.
The cyan ugly thing is moderately wounded.
The tomahawk of returning returns to your pack!
The cyan ugly thing trunk-slaps you.
* * * LOW HITPOINT WARNING * * *
The cyan ugly thing shocks you!
* * * LOW HITPOINT WARNING * * *
Drink which item? (? for menu, Esc to quit)
Okay, then.
The cyan ugly thing trunk-slaps you but does no damage.
The cyan ugly thing trunk-slaps you.
* * * LOW HITPOINT WARNING * * *
The cyan ugly thing shocks you!
You die...

##### #.#
#.# #.#
############
#.#
...........#
#.#
##########.#
#.# #.# #.#
#.# #u# #.#
#@#
#.#####.#
#.......#
#########


You could see a cyan ugly thing.

Vanquished Creatures
  A hill giant (D:5)
  The ghost of Tomod the Chopper, an average MiBe of Trog (D:5)
  A two-headed ogre (D:8)
  A human (D:7)
  A hog (D:7)
  The ghost of Fiveotanaka the Cudgeler, an average MiAs (D:3)
  2 hippogriffs
  A hungry ghost (D:7)
  A water moccasin (D:3)
  An orc warrior (D:7)
  2 sky beasts (D:5)
  An ice beast (D:7)
  3 ogres
  A centaur (D:5)
  Sigmund (D:3)
  3 big kobolds
  2 giant frogs
  5 killer bees (D:7)
  2 crimson imps
  A goliath beetle (D:6)
  5 hounds
  4 orc priests
  Crazy Yiuf (D:6)
  3 jellies
  An iguana (D:7)
  12 orc wizards
  9 worker ants
  3 sheep (D:7)
  Terence (D:2)
  2 worker ant zombies
  9 adders
  3 gnolls (D:6)
  2 shadow imps
  7 worms
  An adder skeleton (D:4)
  2 adder zombies (D:5)
  6 giant geckos
  An ooze (D:3)
  36 orcs
  3 bat skeletons
  4 giant cockroaches
  12 goblins
  10 hobgoblins
  8 quokkas
  A ball python (D:2)
  13 bats
  5 giant newts
  13 jackals
  29 kobolds
  15 rats
  10 ballistomycetes (D:6)
  2 butterflies (D:7)
265 creatures vanquished.

Vanquished Creatures (others)
  A giant spore (D:6)
  A ballistomycete (D:6)
2 creatures vanquished.

Grand Total: 267 creatures vanquished

Notes
Turn   | Place    | Note
--------------------------------------------------------------
     0 | D:1      | Fiveotanaka, the Ogre Hunter, began the quest for the Orb.
     0 | D:1      | Reached XP level 1. HP: 22/22 MP: 1/1
   192 | D:1      | Reached XP level 2. HP: 29/29 MP: 2/2
   277 | D:1      | Reached skill level 5 in Throwing
   360 | D:1      | Found an iron altar of Okawaru.
   503 | D:1      | Reached skill level 1 in Maces & Flails
   829 | D:1      | Reached XP level 3. HP: 34/36 MP: 3/3
  1324 | D:2      | Noticed Terence
  1890 | D:2      | Killed Terence
  2485 | D:2      | Reached XP level 4. HP: 34/44 MP: 4/4
  3006 | D:3      | Noticed Sigmund
  3186 | D:3      | Noticed a water moccasin
  3431 | D:4      | Reached skill level 5 in Maces & Flails
  3431 | D:4      | Reached XP level 5. HP: 27/50 MP: 5/5
  3923 | D:4      | Found a blossoming altar of Fedhas.
  4506 | D:4      | Reached skill level 6 in Maces & Flails
  4765 | D:5      | Entered Level 5 of the Dungeon
  4765 | D:5      | Noticed a hill giant
  4869 | D:4      | Reached XP level 6. HP: 40/59 MP: 6/6
  5060 | D:3      | Killed Sigmund
  5060 | D:3      | Reached skill level 7 in Maces & Flails
  5624 | D:3      | Noticed Fiveotanaka's ghost (average MiAs)
  5812 | D:3      | Killed a water moccasin
  5812 | D:3      | Reached XP level 7. HP: 17/66 MP: 7/7
  6482 | D:5      | Noticed a sky beast
  6575 | D:5      | Reached skill level 8 in Maces & Flails
  6853 | D:5      | Noticed Tomod's ghost (average MiBe)
  6939 | D:5      | Noticed Menkaure
  7157 | D:5      | Killed a hill giant
  7157 | D:5      | Reached skill level 10 in Maces & Flails
  7157 | D:5      | Reached XP level 8. HP: 74/74 MP: 8/8
  7546 | D:6      | Noticed Grinder
  7572 | D:6      | Reached skill level 11 in Maces & Flails
  7762 | D:6      | Noticed Crazy Yiuf
  7777 | D:6      | Killed Crazy Yiuf
  7917 | D:5      | Killed a sky beast
  8493 | D:6      | Reached XP level 9. HP: 49/80 MP: 9/9
  9335 | D:5      | Killed Tomod's ghost
  9335 | D:5      | Reached skill level 12 in Maces & Flails
  9608 | D:5      | Noticed a centaur
  9613 | D:5      | Killed a centaur
  9903 | D:3      | Killed Fiveotanaka's ghost
 11693 | D:7      | Reached skill level 13 in Maces & Flails
 12308 | D:7      | Reached XP level 10. HP: 63/88 MP: 10/10
 12557 | D:7      | Found a staircase to the Ecumenical Temple.
 12562 | Temple   | Entered the Ecumenical Temple
 12590 | Temple   | Became a worshipper of Ru the Awakened
 13828 | D:8      | Reached skill level 14 in Maces & Flails
 13981 | D:8      | Found a shadowy altar of Dithmenos.
 14251 | D:8      | Reached skill level 5 in Dodging
 14464 | D:8      | Noticed a cyan ugly thing
 14486 | D:8      | Mangled by a cyan ugly thing

Action                   |  1- 3 |  4- 6 |  7- 9 | 10-12 || total
-------------------------+-------+-------+-------+-------++-------
Melee: Short sword       |    42 |       |       |       ||    42
       Club              |   110 |       |       |       ||   110
       Mace              |       |    91 |       |       ||    91
       Whip              |       |   165 |   294 |    64 ||   523
       Giant spiked club |       |       |     9 |       ||     9
       Flail             |       |       |   204 |    32 ||   236
       Morningstar       |       |       |       |    88 ||    88
Throw: Stone             |    45 |     9 |    43 |       ||    97
       Large rock        |     3 |     9 |       |       ||    12
       Throwing net      |       |     1 |       |       ||     1
       Tomahawk          |       |       |       |    23 ||    23
Invok: Reject Sacrifices |       |       |       |     1 ||     1
Evoke: Wand              |       |       |    10 |       ||    10
  Use: Scroll            |       |     3 |     4 |       ||     7
       Potion            |       |     1 |     2 |       ||     3
 Stab: Sleeping          |       |     1 |     3 |     1 ||     5
       Distracted        |       |       |     2 |     1 ||     3
  Eat: Chunk             |     1 |     8 |    19 |     6 ||    34
       Meat ration       |     1 |       |       |       ||     1
       Beef jerky        |       |     1 |       |     2 ||     3
       Fruit             |       |       |     2 |       ||     2
